 Dungeon Crawl Stone Soup version 0.23.0 (webtiles) character file.

Game seed: 7538504981947777677

9 tidbits the Charmwright (level 2, 16/26 HPs)
             Began as a Gnoll Skald on Feb 11, 2019.
             Quit the game on level 1 of the Dungeon.
             The game lasted 00:00:43 (76 turns).

tidbits the Charmwright (Gnoll Skald)                 Turns: 76, Time: 00:00:43

Health: 16/26      AC:  3    Str: 13    XL:     2   Next: 12%
Magic:  4/7        EV: 13    Int: 15    God:
Gold:   0          SH:  0    Dex: 11    Spells: 5/10 levels left

rFire    . . .     SeeInvis .   a - +0 spear
rCold    . . .     Gourm    .   (no shield)
rNeg     . . .     Faith    .   b - +0 leather armour
rPois    .         Spirit   .   (no helmet)
rElec    .         Reflect  .   (no cloak)
rCorr    .         Harm     .   (no gloves)
MR       .....                  (no boots)
Stlth    +.........             (no amulet)
HPRegen  0.08/turn              g - -3 ring of dexterity (curse)
MPRegen  0.10/turn              (no ring)

@: no status effects
A: distributed training, fangs 1, strong nose
a: no special abilities


You were on level 1 of the Dungeon.
You were not hungry.

You visited 1 branch of the dungeon, and saw 3 of its levels.

Inventory:

Hand Weapons
 a - a +0 spear (weapon)
Missiles
 c - 19 stones (quivered)
Armour
 b - a +0 leather armour (worn)
Jewellery
 g - a cursed -3 ring of dexterity (left hand)
   (You found it on level 1 of the Dungeon)
Potions
 e - a potion of might {unknown}
 f - a potion of flight {unknown}
Comestibles
 d - 2 rations


   Skills:
 + Level 4.4 Fighting
 + Level 0.2 Short Blades
 + Level 0.2 Long Blades
 + Level 0.2 Axes
 + Level 0.2 Maces & Flails
 + Level 4.4 Polearms
 + Level 0.2 Staves
 + Level 0.2 Slings
 + Level 0.2 Bows
 + Level 0.2 Crossbows
 + Level 0.2 Throwing
 + Level 2.4 Armour
 + Level 4.4 Dodging
 + Level 0.2 Stealth
 + Level 0.2 Shields
 + Level 0.2 Unarmed Combat
 + Level 4.9 Spellcasting
 + Level 0.1 Conjurations
 + Level 0.1 Hexes
 + Level 5.3 Charms
 + Level 0.1 Summonings
 + Level 0.1 Necromancy
 + Level 0.1 Translocations
 + Level 0.1 Transmutations
 + Level 0.1 Fire Magic
 + Level 0.1 Ice Magic
 + Level 0.1 Air Magic
 + Level 0.1 Earth Magic
 + Level 0.1 Poison Magic
 + Level 0.3 Invocations
 + Level 0.2 Evocations


You had 5 spell levels left.
You knew the following spells:

 Your Spells              Type           Power        Failure   Level  Hunger
g - Shroud of Golubria    Chrm/Tloc      ##........   11%         2    ##.....
i - Infusion              Chrm           ###.         2%          1    None
y - Song of Slaying       Chrm           ###.....     3%          2    ##.....

Your spell library contained the following spells:

 Spells                   Type           Power        Failure   Level  Hunger
 Regeneration             Chrm/Necr      ##........   21%         3    ###....
 Spectral Weapon          Hex/Chrm       ##......     21%         3    ###....


Dungeon Overview and Level Annotations

Branches:
Dungeon (3/15)

Altars:


Innate Abilities, Weirdness & Mutations

Your experience applies equally to all skills.
You have very sharp teeth.
Your uncanny sense of smell can sniff out nearby items.


Message History

You open the door.
Found 16 poisoned needles.
Found a viscous inky potion.
There is an open door here.
You see here a viscous inky potion.
e - a viscous inky potion
There is an open door here.
There is a stone staircase leading down here.
You climb downwards.
A bat, a giant cockroach and 6 dart slugs come into view.
Found five items.
Found a stone staircase leading up.
There is a stone staircase leading up here.
Unknown command.
You climb upwards.
There is a stone staircase leading down here.
Unknown command.
You open the door.
Found a ration.
There is an open door here.
Found a stone staircase leading up.
Unknown command.
Found a silvery potion.
Unknown command.
An adder comes into view.
The adder hisses angrily.
You see here a ration.
Casting: Infusion (safe; 2% risk of failure)
Confirm with . or Enter, or press ? or * to list all spells.
You miscast Infusion.
You are very lightly contaminated with residual magic.
Nothing appears to happen.
Casting: Infusion (safe; 2% risk of failure)
Confirm with . or Enter, or press ? or * to list all spells.
You begin infusing your attacks with magical energy.
The adder misses you.
Unknown command.
You hit the adder.
The adder is heavily wounded.
The adder closely misses you.
You barely miss the adder. You bite the adder, but do no damage.
The adder is heavily wounded.
The adder bites you.
You closely miss the adder.
The adder is heavily wounded.
The adder bites you.
You miss the adder.
The adder is heavily wounded.
The adder closely misses you.
You barely miss the adder. Your bite misses the adder.
The adder is heavily wounded.
The adder closely misses you.
You hit the adder. Your bite misses the adder.
The adder is severely wounded.
The adder barely misses you.
Your leather armour prevents you from hitting the adder.
The adder is severely wounded.
The adder barely misses you. The adder bites you.
You are poisoned.
The adder poisons you!
You closely miss the adder.
The adder is severely wounded.
You feel sick. The adder bites you but does no damage.
You hit the adder.
You kill the adder!
You have reached level 2!
d - 2 rations (gained 1)
You feel sick.
Memorise Song of Slaying, consuming 2 spell levels and leaving 7?
You start memorising the spell.
You continue memorising. x2
You finish memorising.
Spell assigned to 'y'.
Memorise Shroud of Golubria, consuming 2 spell levels and leaving 5?
You feel sick.
You start memorising the spell.
You continue memorising. x2
You finish memorising.
Spell assigned to 'g'.
Your magical infusion is running out.
You feel sick.
There is a stone staircase leading up here.
Unknown command.
Unknown command.
Your magical contamination has completely faded away.
You see here a silvery potion.
f - a silvery potion You feel sick.
You are no longer magically infusing your attacks.
There is a stone staircase leading up here.
You climb upwards.
You feel sick.
You are no longer poisoned.
Found a glowing granite ring.
There is a stone staircase leading down here.
Found a leather armour.
Found a leather armour.
Unknown command.
You see here a glowing granite ring.
g - a glowing granite ring Put on which piece of jewellery? (? for menu, Esc to quit)
You feel clumsy.
Oops, that ring feels deathly cold.
g - a cursed -3 ring of dexterity (left hand) Are you sure you want to abandon this character and quit the game? (Confirm with "yes".)

##.## #...# #...#
#...#### #......
#
######[...####.#
##..............#
.......@.......[.
##..............#
######.........#
#...####### #...#
#...# #..>#
#...## #.###


There were no monsters in sight!

Vanquished Creatures
  An adder (D:2)
1 creature vanquished.

Notes
Turn   | Place    | Note
-------+----------+-------------------------------------------
     0 | D:1      | tidbits the Gnoll Skald began the quest for the Orb.
     0 | D:1      | Reached XP level 1. HP: 20/20 MP: 6/6
    51 | D:2      | Reached XP level 2. HP: 19/26 MP: 1/7
    56 | D:2      | Learned a level 2 spell: Song of Slaying
    59 | D:2      | Learned a level 2 spell: Shroud of Golubria
    76 | D:1      | Quit the game

Action                   || total
-------------------------++-------
Melee: Spear             ||     9
       Bite              ||     1
 Cast: Infusion          ||     1
Armor: Leather armour    ||     1
Dodge: Dodged            ||     6

Table legend:
 A = Turns spent in this place as a percentage of turns spent in the entire game.
 B = Non-inter-level travel turns spent in this place as a percentage of non-inter-level travel turns spent in the entire game.
 C = Inter-level travel turns spent in this place as a percentage of turns spent in this place.
 D = Turns resting spent in this place as a percentage of non-inter-level travel turns spent in this place.
 E = Turns spent auto-exploring this place as a percentage of non-inter-level travel turns spent in this place.
 F = Non-inter-level travel turns spent in this place divided by the number of levels of this place that you've seen.
                   A       B       C       D       E      F
               +-------+-------+-------+-------+-------+----------------------
         Total | 100.0 | 100.0 |   0.0 |   0.0 |   0.0 |  25.3
       Dungeon | 100.0 | 100.0 |   0.0 |   0.0 |   0.0 |  25.3
               +-------+-------+-------+-------+-------+----------------------

Table legend:
 A = Kills in this place as a percentage of kills in entire the game.
 B = Kills by you in this place as a percentage of kills by you in the entire game.
 C = Kills by friends in this place as a percentage of kills by friends in the entire game.
 D = Other kills in this place as a percentage of other kills in the entire game.
 E = Experience gained in this place as a percentage of experience gained in the entire game.
 F = Experience gained in this place divided by the number of levels of this place that you have seen.
                   A       B       C       D       E      F
               +-------+-------+-------+-------+-------+----------------------
         Total | 100.0 | 100.0 |   N/A |   N/A | 100.0 |   4.3
       Dungeon | 100.0 | 100.0 |   N/A |   N/A | 100.0 |   4.3
               +-------+-------+-------+-------+-------+----------------------

Levels and vault maps discovered:
D:1:      dpeg_arrival_fog, layout_loops_cross
D:2:      layout_loops_corners
D:3:      kennysheep_slugbush, layout_basic, fedhas_altar_fruit_tree, uniq_robin
